 Dungeon Crawl Stone Soup version 0.31-a0-1424-g2add1c7226 (webtiles) character file.

Game seed: 8280259798596670729

196 grandjackal the Trooper (level 5, -1/57 HPs)
             Began as an Oni Warper on Dec 26, 2023.
             Slain by a black bear (3 damage)
             ... on level 4 of the Dungeon.
             The game lasted 00:02:36 (2393 turns).

grandjackal the Trooper (Oni Warper)                Turns: 2393, Time: 00:02:36

Health: -1/57      AC:  3    Str: 15    XL:     5   Next: 74%
Magic:  8/8        EV:  9    Int: 22    God:
Gold:   153        SH:  0    Dex:  8    Spells: 6/8 levels left

rFire   . . .        l - +3 hand axe
rCold   . . .        (no shield)
rNeg    . . .        b - +0 robe
rPois   +            (helmet restricted)
rElec   .            (no cloak)
rCorr   .            (gloves unavailable)
SInv    .            (boots unavailable)
Will    .....        (no amulet)
Stlth   +            p - +6 ring of intelligence
HPRegen 0.29/turn    m - ring of poison resistance
MPRegen 0.11/turn

%: no passive effects
@: no status effects
A: large, unfitting armour, horns 1, tough skin 1, double potion healing,
drunken brawling
a: no special abilities


You were on level 4 of the Dungeon.
You visited 1 branch of the dungeon, and saw 4 of its levels.

You collected 153 gold pieces.

Inventory:

Hand Weapons
 a - a +0 mace
 l - a +3 hand axe (weapon)
Missiles
 d - 7 darts of dispersal
 j - 5 atropa-tipped darts
 k - 6 poisoned darts (quivered)
Armour
 b - a +0 robe (worn)
Jewellery
 m - a ring of poison resistance (right hand)
 p - a +6 ring of intelligence (left hand)
Scrolls
 c - a scroll of blinking
 f - 3 scrolls of enchant armour {unknown}
 h - a scroll of teleportation {unknown}
 i - a scroll of vulnerability {unknown}
 n - a scroll of amnesia {unknown}
 o - a scroll of fog {unknown}
 r - a scroll of identify {unknown}
Potions
 e - a potion of heal wounds {unknown}
 g - 2 potions of attraction {unknown}
 q - 2 potions of cancellation {unknown}


   Skills:
 + Level 5.5 Fighting
 + Level 4.1 Maces & Flails
 - Level 1.0 Throwing
 - Level 2.1 Dodging
 - Level 2.4 Spellcasting
 - Level 3.0 Translocations


You had 6 spell levels left.
You knew the following spells:

 Your Spells              Type           Power      Damage    Failure   Level
a - Blink                 Tloc           30%        N/A       6%          2

Your spell library contained the following spells:

 Spells                   Type           Power      Damage    Failure   Level
 Lesser Beckoning         Tloc           30%        N/A       6%          2
 Teleport Other           Tloc           15%        N/A       12%         3
 Manifold Assault         Tloc           15%        N/A       36%         4
 Vhi's Electric Charge    Tloc/Air       18%        N/A       56%         4


Dungeon Overview and Level Annotations

Branches:
Dungeon (4/15)
 Temple: D:4-7

Altars:

Shops:
D:1 :


Innate Abilities, Weirdness & Mutations

You are too large for most types of armour.
You have a pair of small horns on your head.
You have tough skin. (AC +1)
You gain doubled healing and magic from potions.
Whenever you drink a healing potion, you attack all around you.


Message History

You hit the black bear. Your headbutt misses the black bear.
The black bear is heavily wounded.
The black bear bites you. The black bear claws you. x2
You hit the black bear.
The black bear is severely wounded.
The black bear bites you but does no damage.
The black bear claws you. x2
Unknown command.
You closely miss the black bear.
The black bear is severely wounded.
The black bear bites you but does no damage.
The black bear claws you. x2
Unknown command.
You hit the black bear.
The black bear is almost dead.
The black bear goes berserk!
You hit the black bear.
The black bear is almost dead.
The black bear bites you but does no damage.
The black bear completely misses you. The black bear closely misses you.
The black bear bites you. The black bear barely misses you.
The black bear claws you.
Unknown command.
You closely miss the black bear.
The black bear is almost dead.
The black bear closely misses you. The black bear claws you. x2
The black bear bites you. The black bear barely misses you.
The black bear closely misses you.
Unknown command.
You are too injured to fight recklessly!
Unknown command.
You closely miss the black bear.
You headbutt the black bear, but do no damage.
The black bear is almost dead.
The black bear looks more healthy.
The black bear bites you!
* * * LOW HITPOINT WARNING * * *
The black bear claws you.
* * * LOW HITPOINT WARNING * * *
The black bear barely misses you. x3; The black bear claws you.
You die...

#....##..#
#.......#
#.......##
#..######..##
#..#
######..# #.#
.....#..##
..#
.........##
..
..........##
>........@.#
........##h#
.......## .(.
.....)##
#.(.# .....#
#.(.# ...##
#.## .# .# .


You could see a black bear (berserk).

Vanquished Creatures
  A scorpion (D:2)
  An orc priest (D:2)
  An orc wizard (D:3)
  2 adders (D:2)
  2 worms (D:2)
  2 dart slugs
  An orc (D:3)
  5 endoplasms
  5 giant cockroaches
  5 goblins
  4 hobgoblins
  5 jackals
  5 kobolds
  A quokka (D:3)
  7 ball pythons
  3 bats
  A frilled lizard (D:1)
  2 rats (D:3)
53 creatures vanquished.

Notes
Turn   | Place    | Note
-------+----------+-------------------------------------------
     0 | D:1      | grandjackal the Oni Warper began the quest for the Orb.
     0 | D:1      | Reached XP level 1. HP: 22/22 MP: 3/3
    99 | D:1      | Reached skill level 3 in Fighting
    99 | D:1      | Reached XP level 2. HP: 27/31 MP: 5/5
   181 | D:1      | Found Hyizisongo's Book Shoppe.
   284 | D:1      | Found a faded altar of an unknown god.
   527 | D:2      | Reached XP level 3. HP: 26/37 MP: 6/6
   586 | D:2      | Learned a level 2 spell: Blink
   892 | D:2      | Noticed a scorpion
   899 | D:2      | Killed a scorpion
   900 | D:2      | Reached skill level 4 in Fighting
   900 | D:2      | Reached XP level 4. HP: 42/49 MP: 7/7
  1387 | D:3      | Reached XP level 5. HP: 41/55 MP: 8/8
  1588 | D:2      | Reached skill level 5 in Fighting
  2379 | D:4      | Noticed a black bear
  2393 | D:4      | HP: 2/57 [black bear (5)]
  2393 | D:4      | Slain by a black bear

Illustrated notes

Levels and vault maps discovered:
D:1:      minmay_arrival_plants_in_alcoves, layout_rooms, serial_shops,
          nicolae_book_shop_shelving, shapermc_ecumenical_altar_mp_urbaneastern
D:2:      layout_loops_ring, serial_park_tiny_1
D:3:      layout_loops_ring
D:4:      layout_cave_pods, overflow_temple_1_default

Skill      XL: |  1  2  3  4  5 |
---------------+----------------+-----
Fighting       | 3 4 5 |  5.5
Translocations | 3 |  3.0
Maces & Flails | 3 4 |  4.1
Throwing       | |  1.0
Dodging        | |  2.1
Spellcasting   | |  2.4

Action                     |  1- 3 |  4- 6 || total
---------------------------+-------+-------++-------
  Melee: Mace              |    36 |       ||    36
         Headbutt          |     7 |     6 ||    13
         Hand axe          |    27 |    89 ||   116
         Punch             |       |     1 ||     1
  Throw: Dart              |     3 |     5 ||     8
 Armour: Robe              |    40 |    90 ||   130
  Dodge: Dodged            |    28 |    41 ||    69

Table legend: (Time is in decaauts)
 A = Elapsed time spent in this place.
 B = Non-inter-level travel time spent in this place.
 C = Inter-level travel time spent in this place.
 D = Time resting spent in this place.
 E = Time spent auto-exploring this place.
 F = Levels seen in this place.
 G = Mean time per level.
                   A        B        C        D        E       F      G
               +--------+--------+--------+--------+--------+-----+--------+
         Total |   2426 |   2351 |     75 |    517 |   1417 |   4 |  606.5 |
       Dungeon |   2426 |   2351 |     75 |    517 |   1417 |   4 |  606.5 |
               +--------+--------+--------+--------+--------+-----+--------+

Top non-repeatable levels by time:
     D:2: 1071 daAuts
     D:3: 786 daAuts
     D:1: 531 daAuts
     D:4: 37 daAuts
